 Dungeon Sprint DCSS version 0.25.1-2-g60ff931df9 (webtiles) character file.

Game seed: 488349684190785302

429 raphialitos the Unseen (level 6, -7/34 HPs)
             Began as a Spriggan Assassin on Oct 29, 2020.
             Was an Initiate of Dithmenos.
             Mangled by a slime creature (18 damage)
             ... in the Dungeon (Sprint I: "Red Sonja").
             The game lasted 00:02:10 (412 turns).

raphialitos the Unseen (Spriggan Assassin)           Turns: 412, Time: 00:02:10

Health: -7/34      AC:  3    Str:  7    XL:     6   Next: 66%
Magic:  7/7        EV: 22    Int: 13    God:    Dithmenos [......]
Gold:   315        SH:  0    Dex: 19    Spells: 5/5 levels left

rFire    . . .     SeeInvis +   a - +2 dagger
rCold    . . .     Gourm    .   (shield restricted)
rNeg     . . .     Faith    .   b - +0 robe
rPois    .         Spirit   .   (helmet restricted)
rElec    .         Reflect  .   c - +0 cloak
rCorr    .         Harm     .   (gloves unavailable)
MR       +....     NoTele   +   (boots unavailable)
Stlth    +++++++...             (no amulet)
HPRegen  0.11/turn              (no ring)
MPRegen  0.10/turn              (no ring)

@: very quick
A: very small, unfitting armour, see invisible, herbivore, speed 3, slow
metabolism 2
a: Renounce Religion


You were in the Dungeon.
You worshipped Dithmenos.
Dithmenos was noncommittal.
You were not hungry.

You visited 1 branch You collected 315 gold pieces.

Inventory:

Hand Weapons
 a - a +2 dagger (weapon)
Armour
 b - a +0 robe (worn)
 c - a +0 cloak (worn)
Wands
 m - a wand of random effects (25)
Scrolls
 l - a scroll of blinking
Potions
 g - a potion of curing
 h - a potion of heal wounds
 i - a potion of haste
 j - 2 potions of magic
 k - a potion of berserk rage
Comestibles
 f - a ration


   Skills:
 + Level 4.3 Fighting
 + Level 6.7 Short Blades
 + Level 4.2 Throwing
 + Level 5.6 Dodging
 + Level 16.5 Stealth


You had 5 spell levels left.
You didn't know any spells.
Your spell library was empty.

Dungeon Overview and Level Annotations

Branches:
Dungeon (1/1)

Altars:
Cheibriados
Dithmenos
Elyvilon
Fedhas
Gozag
Hepliaklqana
Kikubaaqudgha
Makhleb
Nemelex Xobeh
Okawaru
Qazlal
Ru
Sif Muna
Trog
Uskayaw
Vehumet
Wu Jian
Xom
Yredelemnul
Zin
The Shining One
Jiyva
Lugonu

Shops:
D *


Innate Abilities, Weirdness & Mutations

You are very small and have problems with some larger weapons.
You are too small for most types of armour.
You have supernaturally acute eyesight. (SInv)
You are a herbivore.
You cover ground extremely quickly.
You need to consume almost no food.


Message History

The curare-tipped dart barely misses the slime creature.
You see here a poisoned dart.
Things that are here:
a +0 giant club; an ogre corpse
There is an open door here.
You see here a poisoned dart.
Throwing (i - inventory)
e - a curare-tipped dart (quivered)
Press: ? - help, Shift-Dir - straight line, f/p - slime creature
Aim: a slime creature (lightly wounded, very poisoned)
You throw a curare-tipped dart.
The curare-tipped dart hits the slime creature.
The slime creature is lightly wounded.
The slime creature hits you!
Things that are here:
a +0 giant club; an ogre corpse You hit the slime creature.
The slime creature is moderately wounded.
The slime creature hits you!!
Ouch! That really hurt!
You die...

###################
#<.#(.'(.#..'(.#__#
#..().#J@(.(#..'..+
#..#####'#####'#__#
#(.####..#...#.####
#..#__####..##.#
#..#_____##'#_.+
#⌠⌠#_.∩..†'..._#
####_..__##_.#+#
#_____###+# #######


You could see a slime creature (very poisoned).

Vanquished Creatures
  Sigmund (D)
  A yak (D)
  An ogre (D)
  A jelly (D)
  Ijyb (D)
5 creatures vanquished.

Notes
Turn   | Place    | Note
-------+----------+-------------------------------------------
     0 | D        | raphialitos the Spriggan Assassin began the quest for the
                  | Orb.
     0 | D        | Reached XP level 1. HP: 10/10 MP: 2/2
     1 | D        | Noticed Ijyb
    48 | D        | Killed Ijyb
    48 | D        | Reached skill level 9 in Stealth
    48 | D        | Reached XP level 2. HP: 7/15 MP: 3/3
   193 | D        | Noticed an ogre
   196 | D        | Killed an ogre
   196 | D        | Reached skill level 12 in Stealth
   196 | D        | Reached XP level 3. HP: 19/19 MP: 4/4
   196 | D        | Reached XP level 4. HP: 23/23 MP: 5/5
   205 | D        | Noticed Sigmund
   241 | D        | Killed Sigmund
   241 | D        | Reached skill level 5 in Short Blades
   241 | D        | Reached skill level 14 in Stealth
   241 | D        | Reached XP level 5. HP: 23/29 MP: 6/6
   316 | D        | Found a shimmering blue altar of Sif Muna.
   317 | D        | Found an ornate altar of the Wu Jian Council.
   318 | D        | Found a radiant altar of Vehumet.
   322 | D        | Reached skill level 15 in Stealth
   322 | D        | Reached XP level 6. HP: 33/33 MP: 7/7
   347 | D        | Found Wuufo's General Store.
   347 | D        | Found an ancient bone altar of Kikubaaqudgha.
   347 | D        | Found a hazy altar of Hepliaklqana.
   347 | D        | Found a stormy altar of Qazlal.
   347 | D        | Found a hide-covered altar of Uskayaw.
   347 | D        | Found a blossoming altar of Fedhas.
   347 | D        | Found a bloodstained altar of Trog.
   347 | D        | Found an iron altar of Okawaru.
   347 | D        | Found a basalt altar of Yredelemnul.
   347 | D        | Found a glowing golden altar of the Shining One.
   347 | D        | Found a snail-covered altar of Cheibriados.
   347 | D        | Found a sacrificial altar of Ru.
   347 | D        | Found a glowing silver altar of Zin.
   347 | D        | Found a shadowy altar of Dithmenos.
   347 | D        | Found a white marble altar of Elyvilon.
   347 | D        | Noticed a yak
   348 | D        | Found an opulent altar of Gozag.
   349 | D        | Killed a yak
   349 | D        | Reached skill level 5 in Dodging
   349 | D        | Reached skill level 16 in Stealth
   350 | D        | Found a sparkling altar of Nemelex Xobeh.
   356 | D        | Became a worshipper of Dithmenos the Shadowed
   370 | D        | Found a burning altar of Makhleb.
   370 | D        | Found a viscous altar of Jiyva.
   370 | D        | Found a shimmering altar of Xom.
   370 | D        | Found a corrupted altar of Lugonu.
   370 | D        | Noticed a slime creature
   412 | D        | Mangled by a slime creature

Illustrated notes

Levels and vault maps discovered:
D:        dungeon_sprint_1 [red_sonja_temple_1, red_sonja_temple_small_1]

Skill      XL: |  1  2  3  4  5  6 |
---------------+-------------------+-----
Fighting       | 2 3 4 |  4.3
Short Blades   | 3 4 5 6 |  6.7
Dodging        | 2 3 4 5 |  5.6
Stealth        | 9 12 14 15 16 | 16.5
Throwing       | 3 4 |  4.2

Action                   |  1- 3 |  4- 6 || total
-------------------------+-------+-------++-------
Melee: Dagger            |    47 |    27 ||    74
Throw: Dart              |       |    10 ||    10
 Stab: Sleeping          |     1 |     2 ||     3
Armor: Robe              |     7 |       ||     7
Dodge: Dodged            |    27 |    13 ||    40
